 Dungeon Crawl Stone Soup version 0.29.1-2-gbd0b4ee654 (webtiles) character file.

Game seed: 6770870419467600567

359 Slakak the Chopper (level 6, 0/48 HPs)
             Began as a Demonspawn Berserker on Nov 26, 2022.
             Was a Believer of Trog.
             Slain by a scorpion (3 damage)
             ... on level 4 of the Dungeon.
             The game lasted 00:44:41 (3110 turns).

Slakak the Chopper (Demonspawn Berserker)           Turns: 3110, Time: 00:44:42

Health: 0/48       AC:  6    Str: 19    XL:     6   Next: 37%
Magic:  6/6        EV: 11    Int:  8    God:    Trog [**....]
Gold:   140        SH:  4    Dex: 13    Spells: 5/5 levels left

rFire   . . .      SeeInvis .   a - +0 hand axe
rCold   . . .      Faith    .   (no shield)
rNeg    . . .      Spirit   .   e - +1 ring mail
rPois   .          Reflect  .   (no helmet)
rElec   .          Harm     .   (no cloak)
rCorr   .          Rampage  .   (no gloves)
Will    ++...                   (no boots)
Stlth   +.........              (no amulet)
HPRegen 1.16/turn               (no ring)
MPRegen 0.10/turn               (no ring)

@: strong-willed, on berserk cooldown, regenerating, hasted and slowed
A: spiny 2, condensation shield
a: Renounce Religion, Berserk, Trog's Hand


You were on level 4 of the Dungeon.
You worshipped Trog.
Trog was pleased with you.
You visited 1 branch of the dungeon, and saw 4 of its levels.

You collected 140 gold pieces.

Inventory:

Hand Weapons
 a - a +0 hand axe (weapon)
 f - a +0 sling
Armour
 e - a +1 ring mail (worn)
Scrolls
 c - 5 scrolls of identify
Potions
 b - 3 potions of haste
 g - a potion of flight {unknown}
 h - a potion of curing {unknown}


   Skills:
 + Level 4.1 Fighting
 + Level 4.8 Axes
 + Level 2.9 Armour
 + Level 2.4 Dodging
 + Level 1.6 Stealth
 + Level 0.2 Shields


You had 5 spell levels left.
You didn't know any spells.
Your spell library was empty.

Dungeon Overview and Level Annotations

Branches:
Dungeon (4/15)
 Temple: D:4-7

Altars:

Annotations:
D:4 Sigmund


Innate Abilities, Weirdness & Mutations

You are mostly covered in sharp spines.
A meltable shield of frost defends you. (SH +4)


Message History

Something completely misses you.
Your skin crawls.
You feel strong-willed.
A magic dart appears from out of thin air!
The magic dart hits you. The iguana is struck by your spines.
The iguana misses you.
You hit the iguana but do no damage.
The iguana is moderately wounded.
You block something's attack.
The iguana bites you but does no damage.
You closely miss the iguana.
The iguana is moderately wounded.
You hit the scorpion but do no damage. The scorpion barely misses you.
The iguana bites you! The scorpion closely misses you.
A magic dart appears from out of thin air!
The magic dart hits you! The iguana barely misses you.
You hit the iguana but do no damage.
The iguana is moderately wounded.
You closely miss the scorpion. The scorpion closely misses you.
You hear some strange, mumbled words.
Something tries to affect you, but you resist.
The iguana is struck by your spines. The iguana bites you!
* * * LOW HITPOINT WARNING * * *
The scorpion is struck by your spines. The scorpion misses you.
Something hits you but does no damage.
It was a potion of haste.
You feel yourself speed up. The scorpion stings you.
* * * LOW HITPOINT WARNING * * *
The iguana closely misses you. The scorpion is struck by your spines.
The scorpion misses you. You block the iguana's attack.
Something hits you but does no damage. The iguana is struck by your spines.
The iguana closely misses you.
A magic dart appears from out of thin air!
The magic dart hits you!
* * * LOW HITPOINT WARNING * * *
The iguana is struck by your spines.
You kill the iguana!
Trog accepts your kill.
The endoplasm jiggles.
The scorpion attacks as you move away! The scorpion stings you.
You die...

# ##.......... ..
##.......###.
#.###..##.##.# .
##...#.##..# ..#
#.
#..........###...
#.###
###..........>.
#....
###..##########.
#....##...##
#.@s.)##...
####.).##....
#....{##.....
#.##†##...... #.
#.#....... ..
#J#....... #
#.#.......
#.')......
#.'.......


You could see a scorpion and an endoplasm.

Vanquished Creatures
  2 necrophages
  A hound (D:4)
  Crazy Yiuf (D:2)
  2 iguanas
  Terence (D:3)
  A gnoll (D:1)
  4 adders
  2 worms
  A dart slug (D:1)
  2 orcs
  4 ball pythons
  4 endoplasms
  5 goblins
  7 hobgoblins
  4 jackals (D:2)
  A quokka (D:2)
  7 bats
  2 frilled lizards
  6 kobolds
  3 rats
60 creatures vanquished.

Notes
Turn   | Place    | Note
-------+----------+-------------------------------------------
     0 | D:1      | Slakak the Demonspawn Berserker began the quest for the
                  | Orb.
     0 | D:1      | Reached XP level 1. HP: 18/18 MP: 1/1
    33 | D:1      | Gained mutation: You are partially covered in sharp spines.
                  | [demonic ancestry]
    33 | D:1      | Reached XP level 2. HP: 21/24 MP: 2/2
  1008 | D:2      | Gained mutation: You are mostly covered in sharp spines.
                  | [demonic ancestry]
  1008 | D:2      | Reached XP level 3. HP: 26/29 MP: 3/3
  1165 | D:2      | Noticed a necrophage
  1174 | D:2      | Killed a necrophage
  1175 | D:2      | Reached XP level 4. HP: 37/37 MP: 4/4
  1433 | D:2      | Found a runed translucent door.
  1434 | D:2      | Noticed Crazy Yiuf
  1443 | D:2      | Killed Crazy Yiuf
  1707 | D:2      | Gained mutation: A meltable shield of frost defends you.
                  | (SH +4) [demonic ancestry]
  1707 | D:2      | Reached XP level 5. HP: 36/42 MP: 5/5
  2010 | D:3      | Reached ** piety under Trog
  2080 | D:3      | Reached skill level 1 in Stealth
  2432 | D:3      | Noticed Terence
  2448 | D:3      | Killed Terence
  3074 | D:4      | Noticed Sigmund
  3091 | D:4      | Reached XP level 6. HP: 39/46 MP: 6/6
  3110 | D:4      | Slain by a scorpion

Illustrated notes

Levels and vault maps discovered:
D:1:      ncdulo_watergridlock, layout_basic, minmay_door_square,
          dk_noncrumbling_4, nicolae_eternal_life, hangedman_decor_push
D:2:      layout_rooms, minmay_misc_feat_iff, item_on_display_a,
          uniq_crazy_yiuf_cottage
D:3:      minmay_recursive_quarters, layout_basic, serial_forest,
          infiniplex_forest_lined_1, infiniplex_forest_straight_4,
          infiniplex_forest_clump_diagonal, infiniplex_forest_straight_4,
          infiniplex_forest_lined_4_way, infiniplex_forest_end_1,
          corexii_corridor_pit, uniq_terence
D:4:      kennysheep_big_flooded_room, layout_rooms, temple_fountains,
          nrook_mini_backslash, kennysheep_decorative_pillar,
          serial_bayou_crossing, uniq_sigmund

Skill      XL: |  1  2  3  4  5 |
---------------+----------------+-----
Axes           | 3 4 |  4.8
Armour         | 2 |  2.9
Dodging        | 2 |  2.4
Fighting       | 4 |  4.1
Stealth        | 1 |  1.6
Shields        | |  0.2

Action                   |  1- 3 |  4- 6 || total
-------------------------+-------+-------++-------
Melee: Hand axe          |    35 |    82 ||   117
Throw: Stone             |     1 |       ||     1
Invok: Berserk           |     2 |     2 ||     4
       Trog's Hand       |       |     2 ||     2
  Use: Potion            |     1 |     2 ||     3
       Scroll            |     1 |     6 ||     7
Armor: Animal skin       |     2 |       ||     2
       Ring mail         |     8 |    26 ||    34
       Leather armour    |     1 |       ||     1
Dodge: Dodged            |    25 |    52 ||    77
Block: Other             |       |    13 ||    13
